[Event "Late-Titled-Tuesday-Blitz-February-13-2024"]
[Site "Chess.com"]
[Date "2024.02.13"]
[Round "1"]
[White "Jamal-Jamal-Jamal"]
[Black "KChor05"]
[Result "0-1"]
[WhiteElo "2266"]
[BlackElo "2615"]
[TimeControl "180+1"]
[EndTime "14:06:15 PST"]
[Termination "KChor05 won by resignation"]

1. d4 Nf6 2. c4 g6 3. Nf3 Bg7 4. Nc3 O-O 5. g3 d6 6. Bg2 Nc6 7. O-O Bf5 8. Nh4 Bd7 9. f4 Na5 10. Qd3 c5 11. d5 a6 12. Nf3 b5 13. b3 b4 14. Nd1 Bf5 15. e4 Nxe4 16. Bb2 Nxg3 17. Qe3 Nxf1 18. Bxf1 Bxb2 19. Nxb2 e6 20. Ng5 Qf6 21. Qf2 exd5 22. cxd5 c4 23. bxc4 Nb7 24. Re1 Nc5 25. Nd1 h6 26. Nf3 Bd3 27. Bh3 Rae8 28. Ne3 Qxf4 29. Ng4 h5 30. Qh4 hxg4 31. Ng5 Rxe1+ 32. Qxe1 gxh3 33. Qg3 0-1

[Event "Late-Titled-Tuesday-Blitz-February-13-2024"]
[Site "Chess.com"]
[Date "2024.02.13"]
[Round "1"]
[White "RaugintaBulba"]
[Black "LiamPutnam2008"]
[Result "0-1"]
[WhiteElo "2438"]
[BlackElo "2836"]
[TimeControl "180+1"]
[EndTime "14:06:17 PST"]
[Termination "LiamPutnam2008 won by resignation"]

1. b3 e5 2. Bb2 Nc6 3. h3 d5 4. g4 h5 5. gxh5 Nf6 6. e3 Rxh5 7. Be2 Rh8 8. h4 Bf5 9. Nc3 d4 10. exd4 Nxd4 11. d3 Bb4 12. a3 Qd5 13. Nf3 Nxe2 14. Qxe2 Bxc3+ 15. Bxc3 O-O-O 16. Rg1 Bg4 17. Rg3 Rxh4 18.
O-O-O Rh5 19. Rdg1 Rf5 20. Rxg4 Nxg4 21. Rxg4 Qxf3 22.
Qxf3 Rxf3 23. Rxg7 Rxf2 24. Bxe5 Re8 25. d4 c5 26. c3 cxd4 27. cxd4 Kd7 28. Kd1 Rc8 29. Ke1 Rcc2 30. d5 Rce2+ 31. Kd1 Rxe5 32. Rxf7+ Rxf7 0-1

[Event "Late-Titled-Tuesday-Blitz-February-13-2024"]
[Site "Chess.com"]
[Date "2024.02.13"]
[Round "1"]
[White "DenLaz"]
[Black "Kaua18"]
[Result "1-0"]
[WhiteElo "3076"]
[BlackElo "2523"]
[TimeControl "180+1"]
[EndTime "14:06:18 PST"]
[Termination "DenLaz won on time"]

1. d4 d5 2. c4 e6 3. Nf3 Nf6 4. g3 Nbd7 5. Bg2 c6 6. b3 Be7 7. O-O O-O 8. Qc2 b6 9. Rd1 Bb7 10. Nc3 Rc8 11. e4 a6 12. Bb2 Qc7 13. Rac1 Qb8 14. e5 Ne8 15. Qe2 Nc7 16. cxd5 cxd5 17. h4 b5 18. h5 h6 19. Qe3 b4 20. Ne2 Nb5 21. g4 Rxc1 22. Bxc1 Qd8 23. Qd3 Qa5 24. g5 hxg5 25. Bxg5 Qd8 26. Bd2 Re8 27. Bh3 Nf8 28. Kh2 Qc7 29. Rg1 f5 30. Nf4 Bd8 31. h6 Re7 32. Ng5 Bc8 33. Bxb4 g6 34.
Bxe7 Bxe7 35. Ngxe6 Bxe6 36. Nxe6 Nxe6 37. Rxg6+ Kh8 38.
Rxe6 Bf8 39. Qxf5 Bxh6 40. Rxh6+ 1-0

[Event "Late-Titled-Tuesday-Blitz-February-13-2024"]
[Site "Chess.com"]
[Date "2024.02.13"]
[Round "1"]
[White "besarquis"]
[Black "tgpgoat"]
[Result "0-1"]
[WhiteElo "2160"]
[BlackElo "2555"]
[TimeControl "180+1"]
[EndTime "14:06:19 PST"]
[Termination "tgpgoat won by resignation"]

1. e4 c5 2. Nf3 e6 3. g3 Nc6 4. Bg2 d6 5. O-O Nf6 6. Re1 Be7 7. c3 O-O 8. d4 cxd4 9. cxd4 d5 10. e5 Ne4 11. Nc3 Nxc3 12. bxc3 Bd7 13. h4 Rc8 14.
Bf4 Na5 15. Rb1 b6 16. Qd3 Qc7 17. Rec1 Qc4 18. Qd2 Qa4 19. h5 Nc4 20. Qd3 Bb5 21. Rxb5 Qxb5 22. h6 g6 23. Bg5 Qd7 24. Qd1 Qd8 25.
Bf4 Re8 26. Bf1 b5 27. Rb1 a6 28. Qc1 Qa5 29. Bg5 Bf8 30. Nh2 f5 31. exf6 Nd6 32. Qf4 Nf7 33. Ng4 Bd6 34. Ne5 Bxe5 35. dxe5 Qxc3 36.
Rc1 Qxe5 0-1

[Event "Late-Titled-Tuesday-Blitz-February-13-2024"]
[Site "Chess.com"]
[Date "2024.02.13"]
[Round "1"]
[White "hristos03"]
[Black "Rutricks"]
[Result "1-0"]
[WhiteElo "2387"]
[BlackElo "2694"]
[TimeControl "180+1"]
[EndTime "14:06:20 PST"]
[Termination "hristos03 won by resignation"]

1. e4 g6 2. d4 Bg7 3. Nf3 c6 4. Nc3 d5 5. h3 dxe4 6. Nxe4 Nf6 7. Bd3 Nbd7 8. O-O O-O 9. Qe2 a5 10. Rd1 a4 11. c4 a3 12. b3 Re8 13. Bd2 Qc7 14.
Bc3 Nh5 15. Qe3 Nf4 16. Bf1 Bh6 17. Qe1 Nf8 18. Bd2 Bf5 19. Rac1 Rad8 20. Nfg5 Rxd4 21.
Bxf4 Qxf4 22. Rxd4 Bxg5 23. Rcd1 Bxe4 24. Qxe4 Qxe4 25.
Rxe4 e5 26. c5 f5 27. Ra4 e4 28. Rxa3 e3 29. fxe3 Bxe3+ 30. Kh1 Bxc5 31. Ra4 Kg7 32. Rc4 Bf2 33. Rb4 b5 34. a4 Bc5 35. Rf4 Be3 36. Rf3 b4 37. Re1 f4 38. Rxf4 Bxf4 39. Rxe8 Nd7 40. Re7+ 1-0

[Event "Late-Titled-Tuesday-Blitz-February-13-2024"]
[Site "Chess.com"]
[Date "2024.02.13"]
[Round "1"]
[White "Jaka_Brilej"]
[Black "akanga001"]
[Result "1-0"]
[WhiteElo "2538"]
[BlackElo "2013"]
[TimeControl "180+1"]
[EndTime "14:06:20 PST"]
[Termination "Jaka_Brilej won by resignation"]

1. e4 e6 2. d4 d5 3. e5 c5 4. c3 Nc6 5. Nf3 Nge7 6. Na3 cxd4 7. cxd4 a6 8. Nc2 Nf5 9. Bd3 Be7 10. O-O h5 11.
Bd2 g5 12. Bc3 g4 13. Nd2 Bg5 14. Nb3 Bd7 15. Nc5 Bc8 16. f4 Be7 17. Nb3 b5 18. a3 Qb6 19. Qd2 a5 20. Qe2 Rb8 21. a4 b4 22. Bd2 Bd7 23. Bxf5 exf5 24. Qd3 Be6 25. Ne3 Bf8 26. Nxf5 Ne7 27. Nd6+ Kd8 28. f5 Bd7 29. Nxf7+ 1-0

[Event "Late-Titled-Tuesday-Blitz-February-13-2024"]
[Site "Chess.com"]
[Date "2024.02.13"]
[Round "1"]
[White "Kirill_Klukin"]
[Black "KorolDimitriy75"]
[Result "1-0"]
[WhiteElo "2817"]
[BlackElo "2428"]
[TimeControl "180+1"]
[EndTime "14:06:21 PST"]
[Termination "Kirill_Klukin won on time"]

1. d4 Nf6 2. Nf3 g6 3. e3 c5 4. Be2 Qb6 5. O-O d5 6. dxc5 Qxc5 7. a3 Bg7 8. b4 Qc7 9. Bb2 O-O 10. Nbd2 Rd8 11. Rc1 Nc6 12. c4 dxc4 13. Bxc4 a6 14. Ne5 e6 15. Nxc6 Qxc6 16. Qe2 b5 17. Ba2 Qe8 18.
Nb3 Bb7 19. Nc5 Bd5 20. Bxd5 Nxd5 21. Bxg7 Kxg7 22. Qb2+ Kg8 23. Rfd1 Qe7 24. h3 a5 25. bxa5 Qa7 26. a6 Rdc8 27. Qxb5 Rab8 28. Qa5 Rc6 29. e4 Nf4 30. Qd2 Rxc5 31. Qxf4 Rbc8 32. Rxc5 Rxc5 33. Qf6 Rc8 34. Rd8+ Rxd8 35. Qxd8+ Kg7 36. Qa5 h5 37. Qc3+ Kg8 38. Qc8+ Kg7 39. Qb7 Qd4 40. a7 Qd2 41. g3 1-0

[Event "Late-Titled-Tuesday-Blitz-February-13-2024"]
[Site "Chess.com"]
[Date "2024.02.13"]
[Round "1"]
[White "nihalsarin"]
[Black "ural58"]
[Result "1-0"]
[WhiteElo "3203"]
[BlackElo "2528"]
[TimeControl "180+1"]
[EndTime "14:06:22 PST"]
[Termination "nihalsarin won by resignation"]

1. e4 d5 2. exd5 Qxd5 3. Nc3 Qa5 4. Nf3 Nf6 5. d4 Nc6 6. d5 Nb4 7. Bb5+ Bd7 8. Bxd7+ Nxd7 9. a3 Nf6 10. axb4 Qxa1 11. O-O Qa6 12. b5 Qd6 13. Qd4 e5 14.
Nxe5 Be7 15. Nc4 Qc5 16. Qd3 O-O 17. Be3 Qb4 18. Ra1 Bd8 19. d6 a6 20. b6 cxb6 21.
Ra4 Qxc3 22. bxc3 b5 23. Ra1 bxc4 24. Qxc4 Re8 25. Rb1 b5 26. Qc6 Ba5 27. d7 Red8 28. Bg5 Ra7 29. Bxf6 gxf6 30. Rd1 Rc7 31. Qxa6 Bxc3 32.
Qxb5 Be5 33. c4 Kf8 34. c5 Ke7 35. c6 1-0

[Event "Late-Titled-Tuesday-Blitz-February-13-2024"]
[Site "Chess.com"]
[Date "2024.02.13"]
[Round "1"]
[White "VinzentSpitzl"]
[Black "h4parah5"]
[Result "0-1"]
[WhiteElo "2501"]
[BlackElo "2961"]
[TimeControl "180+1"]
[EndTime "14:06:23 PST"]
[Termination "h4parah5 won on time"]

1. e4 c5 2. Nf3 Nc6 3. d4 cxd4 4. Nxd4 Nf6 5. Nc3 h5 6. Be2 g6 7. O-O Bg7 8. Be3 Ng4 9. Bxg4 hxg4 10. Nxc6 bxc6 11.
Qxg4 d5 12. Qg5 d4 13. Rfd1 Qb6 14. Na4 Qb4 15. Rxd4 Bxd4 16. c3 Qxa4 17. Bxd4 Rh5 18. Qg3 Qa5 19. Rd1 Bd7 20. b4 Qg5 21. Qd3 Bh3 22. g3 Rd8 23. Qa6 Qb5 24. Qxa7 Qe2 0-1

[Event "Late-Titled-Tuesday-Blitz-February-13-2024"]
[Site "Chess.com"]
[Date "2024.02.13"]
[Round "1"]
[White "Misticpikachu"]
[Black "Alex_Sahakyan2006"]
[Result "0-1"]
[WhiteElo "2478"]
[BlackElo "2874"]
[TimeControl "180+1"]
[EndTime "14:06:24 PST"]
[Termination "Alex_Sahakyan2006 won by resignation"]

1. c4 Nf6 2. Nc3 c5 3. Nf3 Nc6 4. g3 g6 5. Bg2 Bg7 6. O-O O-O 7.
d4 cxd4 8. Nxd4 d6 9. b3 Nxd4 10.
Qxd4 Bf5 11. Bb2 Ne4 12. Qe3 Qb6 13. Qc1 Nxc3 14. Bxc3 Bxc3 15. Qxc3 Rac8 16. Rfd1 Qc7 17. Qe3 a6 18. Rac1 Rfe8 19. Rd4 b5 20. Rh4 h5 21. Qg5 bxc4 22. Rxh5 f6 23. Qf4 e6 24. Rxc4 Qa5 25.
Rh4 g5 26. Qf3 Qe1+ 27. Bf1 gxh4 28. gxh4 Rxc4 29. bxc4 Re7 30. Qh1 Rg7+ 0-1

[Event "Late-Titled-Tuesday-Blitz-February-13-2024"]
[Site "Chess.com"]
[Date "2024.02.13"]
[Round "1"]
[White "RantomOpening"]
[Black "Chopper1905"]
[Result "0-1"]
[WhiteElo "2505"]
[BlackElo "2973"]
[TimeControl "180+1"]
[EndTime "14:06:29 PST"]
[Termination "Chopper1905 won by resignation"]

1. c4 Nf6 2. Nf3 g6 3. Nc3 Bg7 4. e4 d6 5. d4 O-O 6. Be2 Na6 7.
Be3 c6 8. O-O e5 9. dxe5 dxe5 10. h3 Qe7 11. Qc2 Nd7 12. a3 Nac5 13. b4 Ne6 14. c5 Nd4 15. Qb2 Rd8 16. Rad1 Nf8 17.
Nb1 Nfe6 18. Bxd4 exd4 19. Bc4 Nf4 20. Nbd2 a5 21. Rfe1 d3 22. Qb3 Ne2+ 23. Kh1 a4 24. Qb1 Nc3 25. Qc1 Be6 26. Bxe6 Qxe6 27. Nb1 Nxd1 28.
Qxd1 Qb3 29. Qxb3 axb3 30. Nfd2 b2 31. Rd1 Bh6 32. Nc4 Bc1 33. Kg1 Rd4 34. Nd6 b6 35. Kf1 bxc5 36. bxc5 Ra5 37. f3 Rxc5 38. Nc8 Rc2 39.
Ne7+ Kf8 40. Nc8 Be3 41. Na7 Rf2+ 0-1

[Event "Late-Titled-Tuesday-Blitz-February-13-2024"]
[Site "Chess.com"]
[Date "2024.02.13"]
[Round "1"]
[White "aqibjbutt"]
[Black "ahmedkandiliii"]
[Result "0-1"]
[WhiteElo "2057"]
[BlackElo "2542"]
[TimeControl "180+1"]
[EndTime "14:06:30 PST"]
[Termination "ahmedkandiliii won by resignation"]

1. d4 Nf6 2. Nf3 g6 3. g3 Bg7 4. Bg2 O-O 5. O-O d5 6. c3 c6 7. Bf4 Bf5 8. Nbd2 Nbd7 9. Re1 Qb6 10. Qb3 Ne4 11. Rad1 Qxb3 12. axb3 f6 13. Nxe4 Bxe4 14. Nd2 Bxg2 15. Kxg2 e5 16. Be3 a5 17. f3 a4 18.
bxa4 Rxa4 19. Ra1 Rfa8 20. Nb3 Nb6 21. dxe5 Nc4 22. Rxa4 Rxa4 23. Kf2 fxe5 24. Nc5 Ra2 25. b3 Nxe3 26. Kxe3 b6 27. Na4 Bf8 28. Kd3 b5 29.
Nb6 Ra7 30. c4 Bc5 31. cxd5 Bxb6 32. dxc6 Kf7 33. Ke4 Ke6 34. Rd1 Rc7 35. Rc1 Bd4 36.
e3 Bb6 37. f4 exf4 38. gxf4 Kd6 39. Rd1+ Kxc6 40. Rc1+ Kb7 41. Rxc7+ Kxc7 42. f5 gxf5+ 43. Kxf5 0-1

[Event "Late-Titled-Tuesday-Blitz-February-13-2024"]
[Site "Chess.com"]
[Date "2024.02.13"]
[Round "1"]
[White "Thormento16"]
[Black "OK97"]
[Result "1/2-1/2"]
[WhiteElo "2462"]
[BlackElo "2846"]
[TimeControl "180+1"]
[EndTime "14:06:31 PST"]
[Termination "Game drawn by repetition"]

1. e4 Nc6 2. Nf3 d6 3. d4 Nf6 4. Nc3 g6 5. Bc4 Bg7 6. h3 O-O 7. O-O Nxe4 8. Nxe4 d5 9. Bd3 dxe4 10. Bxe4 Nxd4 11.
Nxd4 Qxd4 12. Qf3 c6 13. c3 Qf6 14. Qe2 Bf5 15. Bxf5 gxf5 16. Be3 e5 17. f3 Rfd8 18. Kh1 Qe6 19. b3 Rd7 20. Rad1 b6 21. Rxd7 Qxd7 22. Rd1 Qe6 23. Rd2 e4 24. fxe4 fxe4 25. c4 Re8 26. Qd1 Be5 27. Rd7 Bb8 28. Qh5 Qxd7 29. Qg5+ Kh8 30. Qf6+ Kg8 31. Qg5+ Kf8 32. Qh6+ Kg8 33. Qg5+ 1/2-1/2

[Event "Late-Titled-Tuesday-Blitz-February-13-2024"]
[Site "Chess.com"]
[Date "2024.02.13"]
[Round "1"]
[White "Nick12772"]
[Black "dedpihto_v_kozhanom_palto"]
[Result "1/2-1/2"]
[WhiteElo "2377"]
[BlackElo "2699"]
[TimeControl "180+1"]
[EndTime "14:06:31 PST"]
[Termination "Game drawn - insufficient material"]

1. Nf3 g6 2. g3 Bg7 3. Bg2 Nf6 4.
O-O O-O 5. c4 d6 6. Nc3 Nc6 7.
d3 e5 8. Rb1 a5 9. a3 Nd7 10.
b4 axb4 11. axb4 f5 12. Bg5 Nf6 13. Nd5 Be6 14. Nxf6+ Bxf6 15. Bxf6 Qxf6 16. b5 Ne7 17. Ra1 c6 18. bxc6 bxc6 19. Rxa8 Rxa8 20. Qb3 d5 21. cxd5 cxd5 22. Qb2 Nc6 23. Rc1 Rc8 24. Qb7 Ne7 25. Rxc8+ Bxc8 26. Qc7 e4 27. dxe4 dxe4 28. Ne5 Be6 29. h4 Nd5 30. Qb8+ Kg7 31. Qa7+ Bf7 32.
Nxf7 Qxf7 33. Qxf7+ Kxf7 34. e3 Kf6 35. Bf1 h6 36.
Kg2 Ke5 37. Be2 Nc3 38. Bc4 Na4 39. Bf7 Kf6 40. Bg8 Nc5 41. Kf1 Nd3 42. Ke2 Ne5 43. Kf1 Kg7 44. Bd5 Nf3 45. Ke2 Kf6 46. Bg8 Ne5 47.
Bd5 Ke7 48. Bg8 Kd6 49. Bh7 Ke6 50. Bg8+ Kd6 51. Bh7 Kc5 52. h5 gxh5 53. Bxf5 Kd5 54. Bh7 Nf3 55. Bg8+ Ke5 56. Bf7 h4 57. gxh4 Nxh4 58.
Kf1 Kf6 59. Be8 Kf5 60. Kg1 Nf3+ 61. Kg2 Ng5 62. Kg3 Ke5 63. Bh5 Ne6 64. Be2 Ng7 65. Kg4 Nf5 66. Kh5 Kf6 67. Bb5 Nd6 68. Bc6 Kf5 69.
Kxh6 Kg4 70. Bxe4 Nxe4 71. f4 Kf3 72. f5 Kxe3 73. Kg6 Kf4 74. f6 Nd6 75. f7 Nxf7 1/2-1/2

[Event "Late-Titled-Tuesday-Blitz-February-13-2024"]
[Site "Chess.com"]
[Date "2024.02.13"]
[Round "1"]
[White "FredddieCroderg"]
[Black "Grossboss19"]
[Result "0-1"]
[WhiteElo "2268"]
[BlackElo "2620"]
[TimeControl "180+1"]
[EndTime "14:06:31 PST"]
[Termination "Grossboss19 won by resignation"]

1. e4 e6 2. d4 d5 3. exd5 exd5 4. Bd3 Bd6 5. Nf3 Ne7 6. O-O O-O 7. c3 Nd7 8. Re1 h6 9. Nbd2 c6 10. Nf1 f5 11.
Bd2 Nf6 12. Ne5 Ne4 13. f3 Bxe5 14. dxe5 Nc5 15. Bc2 b6 16. Qe2 Ba6 17. Qf2 Ne6 18. f4 Bxf1 19. Rxf1 a5 20. Rad1 Qc7 21. Bc1 a4 22. c4 d4 23. Kh1 c5 24. Bd3 Nc6 25. Be2 a3 26. b3 Nb4 27. Bf3 Ra7 28. Bd5 Qd7 29. Qf3 Rd8 30. Bxe6+ Qxe6 31. Rf2 Qc6 32. Qxc6 Nxc6 33. g4 fxg4 34. Rg1 h5 35. h3 gxh3 36. Rg6 Ne7 37. Rxb6 Nf5 38. Rc6 d3 39. Kh2 Rad7 40.
Bd2 h4 41. Rxc5 Ng3 42. Ba5 d2 43. Bxd2 Rxd2 44. Kg1 Rd1+ 0-1

[Event "Late-Titled-Tuesday-Blitz-February-13-2024"]
[Site "Chess.com"]
[Date "2024.02.13"]
[Round "1"]
[White "bazar-wokzal"]
[Black "JCVanDamme10"]
[Result "1-0"]
[WhiteElo "2652"]
[BlackElo "2307"]
[TimeControl "180+1"]
[EndTime "14:06:32 PST"]
[Termination "bazar-wokzal won on time"]

1. e4 c5 2. c3 d5 3. exd5 Qxd5 4. d4 Nf6 5. Nf3 Nc6 6. Be3 cxd4 7. cxd4 e6 8. a3 Be7 9. Nc3 Qd8 10. Qc2 O-O 11. Bd3 Bd7 12. O-O Rc8 13. Rad1 h6 14. Qd2 Ng4 15. Bb1 Nxe3 16. fxe3 f5 17. Ba2 Kh7 18. d5 exd5 19. Qxd5 Be8 20. Qe6 Bf7 21. Rxd8 Bxe6 22. Rxf8 Rxf8 23. Bxe6 f4 24. e4 g5 25. b4 Kg7 26. Nd5 Bd8 27. b5 Na5 28. Nd4 Re8 29. Bf5 Nc4 30. Ne6+ Kg8 31. Rc1 Ne3 32. Nxd8 Rxd8 33.
Rc7 Nxd5 34. exd5 Kf8 35. Be6 b6 36. Rxa7 Rd6 37. a4 Rd8 38. Kf2 Rd6 39. Kf3 Rd8 40. Ke4 Rd6 41. Ke5 Rd8 42. d6 1-0

[Event "Late-Titled-Tuesday-Blitz-February-13-2024"]
[Site "Chess.com"]
[Date "2024.02.13"]
[Round "1"]
[White "Atousa"]
[Black "JiiHart"]
[Result "1-0"]
[WhiteElo "2552"]
[BlackElo "2143"]
[TimeControl "180+1"]
[EndTime "14:06:32 PST"]
[Termination "Atousa won by resignation"]

1. Nf3 Nf6 2. g3 g6 3. Bg2 Bg7 4. O-O O-O 5. d3 d5 6. Nbd2 c5 7. e4 Nc6 8. Re1 dxe4 9. dxe4 h6 10. c3 Be6 11. Qe2 Qc8 12. Nf1 Kh7 13. Be3 b6 14. Rad1 Ng4 15. Bc1 Rb8 16. Qc2 Rb7 17. h3 Nf6 18.
Kh2 Rd7 19. Rxd7 Nxd7 20. Ne3 Nde5 21. Nd5 Nxf3+ 22. Bxf3 Bxh3 23. Bf4 Be6 24. Kg2 Re8 25. Rh1 Bg4 26. Qe2 Bxf3+ 27. Qxf3 e6 28. Bxh6 Bxh6 29. Qxf7+ 1-0

[Event "Late-Titled-Tuesday-Blitz-February-13-2024"]
[Site "Chess.com"]
[Date "2024.02.13"]
[Round "1"]
[White "shirovin"]
[Black "mightysmasher"]
[Result "0-1"]
[WhiteElo "2109"]
[BlackElo "2544"]
[TimeControl "180+1"]
[EndTime "14:06:32 PST"]
[Termination "mightysmasher won on time"]

1. e4 e6 2. d3 d5 3. Nd2 Nf6 4. Ngf3 c5 5. g3 Be7 6. Bg2 O-O 7. O-O b6 8. Re1 Bb7 9. e5 Nfd7 10. Nf1 Nc6 11. h4 Rc8 12. Bf4 d4 13. N1h2 Nb4 14. Ng5 Bxg2 15. Kxg2 Nd5 16. Qg4 Nxf4+ 17. Qxf4 h6 18.
Ne4 Qc7 19. Nf3 f5 20. exf6 Qxf4 21. gxf4 Nxf6 22. Ng3 Nd5 23. f5 exf5 24. Re5 Nf4+ 25.
Kf1 Bd6 26. Rxf5 Nxd3 27. cxd3 Bxg3 28. Rxf8+ Rxf8 29. fxg3 Rxf3+ 30. Kg2 Rxd3 31. Re1 Rd2+ 32. Kf3 Rxb2 33. Re7 Rxa2 34. Kg4 d3 35. Kh5 Rf2 36. Rd7 c4 37. Kg6 Rf6+ 38. Kh5 Rc6 39. g4 c3 40.
Rd8+ Kh7 41. g5 hxg5 42. hxg5 c2 43. g6+ Rxg6 0-1

[Event "Late-Titled-Tuesday-Blitz-February-13-2024"]
[Site "Chess.com"]
[Date "2024.02.13"]
[Round "1"]
[White "YellowJacek"]
[Black "HamedWafa4"]
[Result "0-1"]
[WhiteElo "2395"]
[BlackElo "2749"]
[TimeControl "180+1"]
[EndTime "14:06:33 PST"]
[Termination "HamedWafa4 won by checkmate"]

1. e4 e5 2. Nf3 Nc6 3. Bb5 a6 4. Ba4 Nf6 5. O-O Be7 6. Re1 b5 7. Bb3 O-O 8. a4 d5 9. exd5 Na5 10. Ba2 e4 11. Ne5 c5 12. axb5 axb5 13. d3 Bd6 14.
Nc6 Nxc6 15. dxc6 Be6 16. b3 exd3 17. Qxd3 c4 18. Qf3 cxb3 19. cxb3 Qc7 20. Bb2 Bxh2+ 21. Kh1 Bg4 22. Qc3 Rfe8 23. Na3 Bf4 24. Nxb5 Qb6 25. c7 Qxb5 26. Rxe8+ Rxe8 27. b4 Qh5+ 28. Kg1 Qh2+ 29.
Kf1 Qh1# 0-1

[Event "Late-Titled-Tuesday-Blitz-February-13-2024"]
[Site "Chess.com"]
[Date "2024.02.13"]
[Round "1"]
[White "ClayK1ng"]
[Black "AlexeiShirov"]
[Result "0-1"]
[WhiteElo "2469"]
[BlackElo "2865"]
[TimeControl "180+1"]
[EndTime "14:06:35 PST"]
[Termination "AlexeiShirov won by resignation"]

1. e4 e5 2. Nf3 Nc6 3. Bb5 a6 4.
Ba4 Nf6 5. d4 exd4 6. O-O Be7 7.
e5 Ne4 8. Nxd4 Nc5 9. Nf5 Nxa4 10. Nxg7+ Kf8 11. Bh6 Kg8 12. Qg4 Nxe5 13. Qxa4 Bg5 14. Nf5 Bxh6 15. Nxh6+ Kf8 16. Qf4 d6 17. Nc3 Be6 18.
Rfe1 Kg7 19. Ne4 Re8 20. Ng5 Ng6 21. Nf5+ Bxf5 22. Qxf5 Qf6 23. Qxf6+ Kxf6 24. Nxh7+ Kf5 25. f3 Nf4 26. h4 f6 27. h5 Nxh5 28. g4+ Kg6 29.
gxh5+ Kxh7 30. Kf2 Re5 31. Rxe5 fxe5 32. Rg1 Rf8 33. Rg4 Rf5 34. Rc4 c5 35. Rb4 0-1

[Event "Late-Titled-Tuesday-Blitz-February-13-2024"]
[Site "Chess.com"]
[Date "2024.02.13"]
[Round "1"]
[White "JoakimVonAnd"]
[Black "viniciusrego"]
[Result "1-0"]
[WhiteElo "2677"]
[BlackElo "2340"]
[TimeControl "180+1"]
[EndTime "14:06:37 PST"]
[Termination "JoakimVonAnd won by resignation"]

1. d4 g6 2. Nf3 Bg7 3. c4 c5 4.
d5 e6 5. Nc3 exd5 6. cxd5 Nf6 7. Bf4 O-O 8. Bd6 Re8 9. Bxc5 Ne4 10. Bd4 Nxc3 11. bxc3 d6 12. e3 Bg4 13. Be2 Qa5 14. Bxg7 Bxf3 15. Bxf3 Kxg7 16. Qd4+ Kg8 17. O-O Nd7 18. c4 Rac8 19. Bg4 f5 20. Be2 Ne5 21. Rab1 b6 22. Rb2 Rc5 23. h3 Rec8 24. Qh4 Qc3 25.
Rb5 Nxc4 26. Rxc5 Rxc5 27. Qd8+ Kg7 28. Qe7+ Kg8 29. Bxc4 Qxc4 30. Qxd6 Qxd5 31. Qb8+ Kg7 32. Qxa7+ Kh6 33. Qxb6 Ra5 34. Qf6 Rxa2 35. Qf8+ Kh5 36.
Qg7 h6 37. g4+ fxg4 38. hxg4+ Kxg4 39. Qxg6+ Qg5 40. Qe4+ Kh3+ 41. Kh1 Ra4 42. Qf3+ Kh4 43. Rg1 Qe5 44. Rg3 h5 45. Rh3+ Kg5 46. Rxh5+ Kg6 47. Rxe5 Rh4+ 48. Kg2 Kg7 49. Qg3+ Kf6 50. Qxh4+ Kxe5 51.
Qf4+ Kd5 1-0

[Event "Late-Titled-Tuesday-Blitz-February-13-2024"]
[Site "Chess.com"]
[Date "2024.02.13"]
[Round "1"]
[White "Caterpiller35"]
[Black "C_K_G"]
[Result "1-0"]
[WhiteElo "2546"]
[BlackElo "2129"]
[TimeControl "180+1"]
[EndTime "14:06:41 PST"]
[Termination "Caterpiller35 won on time"]

1. d4 d5 2. Nc3 e6 3. Bf4 Bd6 4. e3 Nf6 5. Nf3 O-O 6. Bd3 a6 7. Ne5 c5 8. h4 Nc6 9. Nxc6 bxc6 10. Qf3 cxd4 11. exd4 Bxf4 12. Qxf4 Qb6 13. O-O-O Rb8 14. b3 Bd7 15. Na4 Qb4 16. Nc5 a5 17. g4 a4 18.
g5 Nh5 19. Qd2 Qa3+ 20. Kb1 axb3 21. cxb3 Rfd8 22. Be2 g6 23. Bxh5 gxh5 24. Qb2 Qa5 25. f4 Be8 26. Rhe1 Ra8 27. Re2 Rdb8 28. Rde1 Rb4 29.
f5 Rbb8 30. f6 Kh8 31. Qd2 Qc7 32. g6 fxg6 33. Rxe6 Qg3 34. Qh6 1-0

[Event "Late-Titled-Tuesday-Blitz-February-13-2024"]
[Site "Chess.com"]
[Date "2024.02.13"]
[Round "1"]
[White "Druid24"]
[Black "CRObliterator"]
[Result "0-1"]
[WhiteElo "2677"]
[BlackElo "2381"]
[TimeControl "180+1"]
[EndTime "14:06:43 PST"]
[Termination "CRObliterator won by resignation"]

1. d4 Nf6 2. Nc3 d5 3. Bg5 c5 4. e3 Nc6 5. Nf3 Bf5 6. Bb5 a6 7. Bxc6+ bxc6 8. dxc5 Rb8 9. Nd4 Bd7 10. Nb3 e5 11.
O-O Be7 12. h3 O-O 13. Qe2 a5 14. a4 Rb4 15. Rad1 h6 16. Bxf6 Bxf6 17. Qa6 Qc8 18.
Qxa5 Rc4 19. Nd2 Bxh3 20. f3 Rh4 21. gxh3 Qxh3 22. Kf2 Qh2+ 23. Ke1 Rxa4 24. Qxa4 Bh4+ 25. Qxh4 Qxh4+ 26. Ke2 f5 27. Nb3 f4 28. e4 d4 29.
Nb1 Qe7 30. N1d2 g5 31. Ra1 h5 32. Ra6 Qd7 33. Na5 g4 34. Nxc6 g3 35. Nxe5 Qb5+ 36. Ndc4 Qxa6 37. Rh1 Rc8 38. Rxh5 Rxc5 39. Rg5+ Kh7 40. b3 Rxe5 41. Rxe5 Qg6 42. Re7+ Kg8 43. Ne5 Qa6+ 44. Kd2 g2 45. Re8+ Kh7 46. Re7+ Kh6 47.
Ng4+ Kh5 48. Rg7 g1=Q 49. Nf6+ Qxf6 50. Rxg1 Qb6 51. Rg4 Qb4+ 52. Kc1 Qd6 53. Kb2 Qc5 54. Rg8 Qc3+ 55. Kb1 d3 56. cxd3 Qxb3+ 57. Kc1 Qxg8 0-1

[Event "Late-Titled-Tuesday-Blitz-February-13-2024"]
[Site "Chess.com"]
[Date "2024.02.13"]
[Round "1"]
[White "Yushko_Olga"]
[Black "Practical-Play"]
[Result "0-1"]
[WhiteElo "2221"]
[BlackElo "2574"]
[TimeControl "180+1"]
[EndTime "14:06:43 PST"]
[Termination "Practical-Play won by resignation"]

1. d4 c6 2. c4 b5 3. cxb5 cxb5 4. Nf3 Bb7 5. Bf4 Nf6 6. e3 a6 7. Bd3 g6 8. O-O Bg7 9. Nbd2 O-O 10. Rc1 d6 11. e4 Nbd7 12. d5 Nh5 13. Bg5 Bxb2 14. Rc2 Bf6 15. Bh6 Bg7 16. Bg5 h6 17. Be3 Nhf6 18.
Nb3 Ng4 19. Bf4 Nge5 20. Be2 Rc8 21. Nfd4 Nc5 22. Qc1 Ncd3 23. Rxc8 Nxc1 24. Rxd8 Nxe2+ 25. Nxe2 Rxd8 26. Ned4 Nc4 27. h3 Rc8 28. Rc1 Kf8 29. Kf1 g5 30. Be3 Bxd4 31. Bxd4 Nd2+ 32. Ke2 Rxc1 33.
Nxc1 Nxe4 34. Nd3 Bxd5 35. Nb4 Bc4+ 36. Ke3 Nf6 37. Nxa6 Bxa2 38. Kd3 Bc4+ 39. Kc2 Bf1 40. Nc7 Bxg2 41. Nxb5 Bxh3 42. Kd3 Bf1+ 43. Ke3 Bxb5 44. f4 gxf4+ 45. Kxf4 e5+ 0-1

[Event "Late-Titled-Tuesday-Blitz-February-13-2024"]
[Site "Chess.com"]
[Date "2024.02.13"]
[Round "1"]
[White "EcosseKillie"]
[Black "reevecanada"]
[Result "0-1"]
[WhiteElo "2240"]
[BlackElo "2589"]
[TimeControl "180+1"]
[EndTime "14:06:44 PST"]
[Termination "reevecanada won on time"]

1. d4 d5 2. Bg5 Nf6 3. Bxf6 gxf6 4. e3 c5 5. Nc3 Nc6 6. Qh5 e5 7. dxe5 fxe5 8. O-O-O d4 9. exd4 cxd4 10. Bb5 Qa5 11. Qxe5+ Kd8 12. Qxh8 Kc7 13. Bxc6 dxc3 14. Qxc3 Qxc3 15.
bxc3 Kxc6 16. Nf3 b6 17. Nd4+ Kc5 18. Rhe1 Bb7 19. f3 a5 20. Kb2 a4 21. a3 Kc4 22.
Nf5 Ra5 23. Nd6+ Bxd6 24. Rxd6 Rb5+ 25. Kc1 Kxc3 26. Re3+ Kc4 27. Rd7 Bd5 28. Kd2 Kd4 29. Rd3+ Ke5 30. R7xd5+ Rxd5 31. Rxd5+ Kxd5 32. Kc3 Kc5 33. Kd3 b5 34. c3 Kd5 35. f4 f5 36. g3 h5 37. h3 Kc5 38. h4 Kd5 39. Kd2 Kc4 40.
Kc2 Kc5 41. Kd3 Kd5 42. Kc2 Ke4 43. Kd2 Kf3 44. c4 bxc4 45. Kc3 Kxg3 46. Kxc4 Kxf4 47. Kb4 Kg4 48. Kxa4 f4 49. Kb5 f3 0-1

[Event "Late-Titled-Tuesday-Blitz-February-13-2024"]
[Site "Chess.com"]
[Date "2024.02.13"]
[Round "1"]
[White "gomeschess02"]
[Black "Galileo22"]
[Result "0-1"]
[WhiteElo "2184"]
[BlackElo "2557"]
[TimeControl "180+1"]
[EndTime "14:06:44 PST"]
[Termination "Galileo22 won by resignation"]

1. e4 Nf6 2. e5 Nd5 3. d4 Nb6 4. Nf3 d6 5. Be2 g6 6. O-O Bg7 7. Bf4 O-O 8. Nc3 Bg4 9. exd6 cxd6 10. h3 Bxf3 11. Bxf3 Nc6 12. Ne2 e5 13. dxe5 dxe5 14. Qxd8 Rfxd8 15. Bg5 f6 16. Bc1 f5 17. Bg5 Rd7 18.
Bxc6 bxc6 19. Rad1 Rxd1 20. Rxd1 h6 21. Be3 e4 22. b3 Nd5 23. Bc5 a5 24. Nd4 Nc3 25.
Rd2 Rd8 26. Nf3 Rd5 27. Rxd5 cxd5 28. Nd4 Bxd4 29. Bxd4 Ne2+ 30. Kf1 Nxd4 0-1